 Dungeon Crawl Stone Soup version 0.19.0-20-gbc5f0c6 (webtiles) character file.

80 Nimsei the Chopper (level 4, -6/37 HPs)
             Began as a Demonspawn Berserker on Nov 16, 2016.
             Was a Believer of Trog.
             Mangled by Eliminator's ghost (10 damage)
             ... on level 3 of the Dungeon.
             The game lasted 00:10:15 (1230 turns).

Nimsei the Chopper (Demonspawn Berserker)           Turns: 1230, Time: 00:10:16

Health: -6/37      AC:  8    Str: 18    XL:     4   Next: 18%
Magic:  4/4        EV:  7    Int: 14    God:    Trog [**....]
Gold:   82         SH:  0    Dex: 14    Spells: 0 memorised, 3 levels left

rFire  + . .     SeeInvis .     a - +0 hand axe
rCold  . . .     Gourm    .     k - +0 chain mail
rNeg   . . .     Faith    .     (no shield)
rPois  .         Spirit   .     (no helmet)
rElec  .         Reflect  .     (no cloak)
rCorr  .         Harm     .     (no gloves)
MR     .....                    (no boots)
Stlth  ..........               (no amulet)
                                (no ring)
                                g - ring of protection from fire

@: brilliant, lethally poisoned (-6 -> -8)
A: claws 1, thin skeletal structure 1, powered by death 1
a: Berserk, Trog's Hand, Burn Spellbooks, Renounce Religion


You were on level 3 of the Dungeon.
You worshipped Trog.
Trog was pleased with you.
You were not hungry.

You visited 1 branch of the dungeon, and saw 3 of its levels.

You collected 82 gold pieces.

Inventory:

Hand Weapons
 a - a +0 hand axe (weapon)
Armour
 d - a +0 plate armour
 k - a +0 chain mail (worn)
Jewellery
 g - a ring of protection from fire (left claw)
Scrolls
 f - a scroll of recharging
 h - a scroll of enchant weapon {unknown}
 i - 2 scrolls of teleportation {unknown}
Comestibles
 c - a bread ration


   Skills:
 + Level 3.7 Fighting
 + Level 4.0 Axes
 + Level 1.9 Armour
 + Level 1.7 Dodging


You had 3 spell levels left.
You didn't know any spells.

Dungeon Overview and Level Annotations

Branches:
Dungeon (3/15)

Altars:

Annotations:
D:3 Eliminator's ghost, amateur TrFi; Ijyb


Innate Abilities, Weirdness & Mutations

You have sharp fingernails.
You have a somewhat thin skeletal structure. (Dex +2, Stealth)
You regenerate a little health from kills.


Message History

You feel less invigorated.
You feel less confused. The adder bites you.
You closely miss the adder.
You hit Eliminator's ghost but do no damage.
You feel sick. The adder bites you. Eliminator's ghost barely misses you.
You closely miss the adder.
You hit Eliminator's ghost but do no damage.
The adder bites you. Eliminator's ghost hits you!
The adder bites you but does no damage.
You closely miss the adder. You closely miss Ijyb.
You barely miss Eliminator's ghost. Ijyb hits you but does no damage.
Eliminator's ghost hits you!
* * * LOW HITPOINT WARNING * * *
The adder bites you but does no damage.
You closely miss the adder. You hit Ijyb but do no damage.
You hit Eliminator's ghost but do no damage.
Ijyb hits you but does no damage. The adder closely misses you.
Eliminator's ghost hits you!
You die...

..## #### .# ....# )..
#### ..
#...#####.#####..##.#
#.#....#'#.......#.###
#....................#..
#................##....
##.............?.......
##)).#........S..##....
####............@W..# .
....)##..........g....#
.....##..##........##..#
.######.##........(.##...
.# ..##..........# ### .#
.###..<....>..# .# #
#..........# .#
#..........# ##


You could see Ijyb, Eliminator's ghost and an adder.

Vanquished Creatures
  3 adders
  2 oozes
  2 dart slugs (D:1)
  An orc (D:3)
  4 bats
  2 giant cockroaches
  3 goblins
  7 hobgoblins
  2 frilled lizards (D:2)
  8 kobolds
  8 rats
  2 plants (D:1)
44 creatures vanquished.

Notes
Turn   | Place    | Note
-------+----------+-------------------------------------------
     0 | D:1      | Nimsei the Demonspawn Berserker began the quest for the Orb.
     0 | D:1      | Reached XP level 1. HP: 18/18 MP: 1/1
   321 | D:1      | Reached skill level 3 in Axes
   352 | D:1      | Gained mutation: You regenerate a little health from kills. [demonic ancestry]
   352 | D:1      | Reached XP level 2. HP: 21/24 MP: 2/2
   616 | D:1      | Gained mutation: You have sharp fingernails. [demonic ancestry]
   616 | D:1      | Reached XP level 3. HP: 23/29 MP: 3/3
  1034 | D:2      | Reached ** piety under Trog
  1145 | D:3      | Gained mutation: You have a somewhat thin skeletal structure. (Dex +2, Stealth) [demonic ancestry]
  1145 | D:3      | Reached XP level 4. HP: 30/36 MP: 4/4
  1147 | D:3      | Reached skill level 4 in Axes
  1215 | D:3      | Noticed Ijyb
  1221 | D:3      | Noticed Eliminator's ghost (amateur TrFi)
  1230 | D:3      | Mangled by Eliminator's ghost

Skill      XL: |  1  2  3  4 |
---------------+-------------+-----
Axes           | 3 4 |  4.0
Fighting       | |  3.7
Armour         | |  1.9
Dodging        | |  1.7

Action                   |  1- 3 |  4- 6 || total
-------------------------+-------+-------++-------
Melee: Hand axe          |   249 |    16 ||   265
  Use: Scroll            |     6 |       ||     6
       Potion            |       |     2 ||     2
  Eat: Pizza             |       |     1 ||     1
Armor: Animal skin       |     7 |       ||     7
       Plate armour      |   123 |     2 ||   125
       Chain mail        |       |    16 ||    16
Dodge: Dodged            |    49 |    11 ||    60
